 Dungeon Crawl Stone Soup version 0.29-a0-90-gc37658a0fe (webtiles) character file.

Game seed: 11992318165520197162

5443 lordive the Slicer (level 10, -1/50 (51) HPs)
             Began as a Spriggan Abyssal Knight on Feb 6, 2022.
             Was a High Priest of Lugonu.
             Succumbed to a hornet's poison
             ... on level 9 of the Dungeon.
             The game lasted 00:33:46 (12405 turns).

lordive the Slicer (Spriggan Abyssal Knight)       Turns: 12405, Time: 00:33:47

HP:   -1/50 (51)    AC:  6    Str: 14 (15) XL:     10   Next: 41%
MP:   18/18         EV: 23    Int: 13 (16) God:    Lugonu [*****.]
Gold: 453           SH:  0    Dex: 21 (22) Spells: 11/18 levels left

rFire   . . .      SeeInvis +   d - +1 short sword (vamp)
rCold   . . .      Faith    .   (no shield)
rNeg    . . .      Spirit   .   h - +0 troll leather armour {Pargi}
rPois   .          Reflect  .   (helmet restricted)
rElec   .          Harm     .   c - +1 cloak
rCorr   .          Rampage  .   (gloves unavailable)
Will    +....                   (boots unavailable)
Stlth   +++.......              (no amulet)
HPRegen 0.96/turn               x - +6 ring of strength
MPRegen 0.16/turn               y - +6 ring of dexterity

@: lethally poisoned (-1 -> -8), slowed, lightly drained, quick
A: very small, no large weapons, unfitting armour, see invisible, speed 3
a: Renounce Religion, Depart the Abyss, Bend Space, Banish, Corrupt, Enter the
Abyss


You were on level 9 of the Dungeon.
You worshipped Lugonu.
Lugonu was extremely pleased with you.
You visited 2 branches of the dungeon, and saw 12 of its levels.
You visited the Abyss 1 time.
You also visited: Sewer.

You collected 453 gold pieces.

Inventory:

Hand Weapons
 a - a +1 short sword
 d - a +1 vampiric short sword (weapon)
 K - a +3 dagger of freezing
 O - a +1 dagger of protection
Missiles
 e - 236 stones
 r - 6 boomerangs
 s - 5 datura-tipped darts
 u - 7 poisoned darts (quivered)
 z - a curare-tipped dart
Armour
 c - a +1 cloak (worn)
 h - a +0 troll leather armour (worn) {Pargi}
 i - +0 steam dragon scales
 w - a +2 robe of cold resistance
Magical Staves
 f - a staff of conjuration
 m - a staff of poison
Jewellery
 x - a +6 ring of strength (left hand)
 y - a +6 ring of dexterity (right hand)
 I - a ring of flight
 M - a +6 ring of strength
 N - a +6 ring of strength
Scrolls
 b - a scroll of vulnerability {unknown}
 g - 2 scrolls of summoning
 j - 4 scrolls of brand weapon
 k - 5 scrolls of teleportation {unknown}
 l - a scroll of magic mapping {unknown}
 n - a scroll of silence {unknown}
 o - a scroll of enchant armour {unknown}
 p - 2 scrolls of fog {unknown}
 q - a scroll of holy word {unknown}
 t - a scroll of blinking {unknown}
 B - a scroll of noise {unknown}
 C - 2 scrolls of immolation {unknown}
 P - a scroll of fear {unknown}
Potions
 v - a potion of magic
 A - 2 potions of attraction
 D - 2 potions of haste
 E - a potion of lignification
 F - 2 potions of might
 G - a potion of mutation {unknown}
 H - a potion of degeneration
 J - a potion of brilliance {unknown}
 L - a potion of flight {unknown}


   Skills:
 + Level 4.7 Fighting
 + Level 8.7 Short Blades
 - Level 0.4 Throwing
 * Level 4.2 Armour
 + Level 8.2 Dodging
 + Level 5.9 Stealth
 * Level 4.9 Spellcasting
 * Level 2.0 Conjurations
 * Level 1.6 Hexes
 * Level 6.0 Transmutations
 * Level 3.7 Earth Magic
 * Level 2.6 Invocations


You had 11 spell levels left.
You knew the following spells:

 Your Spells              Type           Power      Damage    Failure   Level
a - Petrify               Tmut/Erth      15%        N/A       30%         4
b - Dazzling Flash        Conj/Hex       16%        N/A       32%         3

Your spell library contained the following spells:

 Spells                   Type           Power      Damage    Failure   Level
 Corpse Rot               Necr/Air       6%         N/A       34%         2
 Dispel Undead            Necr           3%         3d7       93%         4
 Metabolic Englaciation   Hex/Ice        2%         N/A       99%         5
 Silence                  Hex/Air        2%         N/A       99%         5
 Statue Form              Tmut/Erth      10%        N/A       99%         6
 Agony                    Necr           3%         N/A       100%        5
 Death Channel            Necr           1%         N/A       100%        6


Dungeon Overview and Level Annotations

Branches:
Dungeon (11/15)            Temple (1/1) D:4           Sewer (visited)
   Lair: D:8-11         Orc: D:9-12

Altars:
Cheibriados
Dithmenos
Elyvilon
Fedhas
Gozag
Hepliaklqana
Kikubaaqudgha
Makhleb
Nemelex Xobeh
Okawaru
Qazlal
Ru
Trog
Uskayaw
Vehumet
Wu Jian
Xom
Yredelemnul
Zin

Shops:
D:3 *   D:6 =

Annotations:
D:2 1 runed translucent door, Crazy Yiuf
D:3 3 runed translucent doors, Cecur's ghost, amateur DrWn
D:4 Duvessa
D:8 2 transporters, dolemite99's ghost, novice DsVM


Innate Abilities, Weirdness & Mutations

You are very small and have problems with some larger weapons.
You are too small for most types of armour.
You have supernaturally acute eyesight. (SInv)
You cover ground extremely quickly. (Speed+++)


Message History

The hornet completely misses you.
You hit the hornet but do no damage.
The hornet is heavily wounded.
The hornet misses you.
You miss the hornet.
The hornet is heavily wounded.
The hornet misses you.
You barely miss the hornet.
The hornet is heavily wounded.
The hornet stings you!
You feel yourself slow down.
You barely miss the hornet.
The hornet is heavily wounded.
The hornet stings you.
You are poisoned.
You feel as though you will be slow longer.
The hornet completely misses you.
You hit the hornet.
You feel better.
The hornet is severely wounded.
You feel very sick. The hornet barely misses you.
You hit the hornet but do no damage.
The hornet is severely wounded.
You feel sick. The hornet completely misses you. The hornet barely misses you.
You miss the hornet.
The hornet is severely wounded.
You feel sick. The hornet stings you!
* * * LOW HITPOINT WARNING * * *
You feel as though you will be slow longer.
You are too injured to fight recklessly!
You miss the hornet.
The hornet is severely wounded.
You feel sick. The hornet closely misses you.
You feel sick. The hornet stings you!
* * * LOW HITPOINT WARNING * * *
You are lethally poisoned!
You feel as though you will be slow longer.
It was a potion of degeneration.
There was something very wrong with that liquid.
You feel weakened.
You feel dopey.
You feel clumsy.
You die...

.....######..# #...#....#
....)###.....# #...####...
.....##......### #...# ###
###.>........PP#####...#
..#...$...P............#
#......P.........####......
###P...PP.P.P...P......####
........####.P...........
...$.P..# #..P.@#####.###
###.....# #P!.Py.# .#
#.P..P# #...P........
#..P.P.........#######
##PPP.P.(.P.....
#...P...P..[....
#...P.P....##.# ....... >#
.#.... .#


You could see a hornet.

Vanquished Creatures
  Maggie (D:5)
  Grinder (D:5)
  A shadow (D:10)
  2 wyverns
  A steam dragon (D:6)
  4 vampire mosquitoes (D:10)
  5 black bears
  Pargi (Sewer)
  An orc warrior (D:9)
  A necrophage (D:7)
  An ogre (D:3)
  2 kobold brigands
  4 bullfrogs
  A wyvern zombie (D:8)
  4 scorpions
  A water moccasin zombie (D:6)
  Dowan (D:6)
  14 killer bees
  11 wights
  2 centaur zombies
  4 hounds
  4 orc priests
  A bullfrog skeleton (D:5)
  A gnoll shaman (D:7)
  A centaur skeleton (D:7)
  5 iguanas
  A scorpion zombie (D:5)
  8 orc wizards
  2 killer bee zombies
  18 gnolls
  A river rat (D:3)
  4 adders
  2 howler monkey skeletons
  3 ufetubi
  4 dart slugs
  21 orcs
  10 endoplasms
  8 giant cockroaches
  7 hobgoblins
  6 jackals
  13 kobolds
  4 quokkas
  8 ball pythons
  8 bats
  6 frilled lizards
  8 goblins
  A jackal skeleton (D:4)
  A quokka skeleton (D:4)
  9 rats
  A spectral orc (D:5)
229 creatures vanquished.

Vanquished Creatures (others)
  2 orc wizards (D:4)
  11 fungi
  14 plants
27 creatures vanquished.

Grand Total: 256 creatures vanquished

Notes
Turn   | Place    | Note
-------+----------+-------------------------------------------
     0 | Abyss:1  | lordive the Spriggan Abyssal Knight began the quest for the
                  | Orb.
     0 | Abyss:1  | Reached XP level 1. HP: 11/11 MP: 3/3
    37 | D:1      | Escaped the Abyss
   710 | D:1      | Reached XP level 2. HP: 16/16 MP: 4/4
   976 | D:1      | Reached ** piety under Lugonu
  1169 | D:1      | Reached XP level 3. HP: 18/19 MP: 5/5
  1978 | D:2      | Found a runed translucent door.
  1979 | D:2      | Noticed Crazy Yiuf
  2211 | D:2      | Found a shimmering altar of Xom.
  2626 | D:2      | Reached XP level 4. HP: 24/24 MP: 6/6
  2857 | D:3      | Reached skill level 1 in Stealth
  2932 | D:3      | Found a glowing drain.
  2936 | Sewer    | Entered a sewer
  2996 | Sewer    | Noticed Pargi
  3006 | Sewer    | Killed Pargi
  3007 | Sewer    | Reached XP level 5. HP: 28/28 MP: 7/7
  3152 | D:3      | Reached *** piety under Lugonu
  3179 | D:3      | Found a runed translucent gate.
  3180 | D:3      | Found a runed translucent gate.
  3180 | D:3      | Found a runed translucent gate.
  3180 | D:3      | Noticed Cecur's ghost (amateur DrWn)
  3222 | D:3      | Found a shimmering altar of Xom.
  3391 | D:3      | Found Joela's General Store.
  4002 | D:3      | Reached XP level 6. HP: 22/32 MP: 8/8
  4179 | D:4      | Reached skill level 5 in Short Blades
  4179 | D:4      | Reached skill level 1 in Armour
  4282 | D:3      | Reached skill level 5 in Dodging
  4328 | D:4      | Found a staircase to the Ecumenical Temple.
  4395 | Temple   | Entered the Ecumenical Temple
  4580 | D:3      | Reached XP level 7. HP: 36/36 MP: 9/9
  5138 | D:4      | Reached **** piety under Lugonu
  5415 | D:4      | Learned a level 4 spell: Petrify
  5445 | D:5      | Entered Level 5 of the Dungeon
  5456 | D:5      | Found a basalt altar of Yredelemnul.
  5594 | D:5      | Reached skill level 1 in Transmutations
  5655 | D:5      | Reached XP level 8. HP: 42/42 MP: 10/10
  5835 | D:5      | Noticed Grinder
  5901 | D:6      | Reached skill level 1 in Earth Magic
  5935 | D:6      | Reached skill level 1 in Spellcasting
  6343 | D:6      | Found a sacrificial altar of Ru.
  6365 | D:6      | Noticed Duvessa
  6365 | D:6      | Noticed Dowan
  6371 | D:6      | Killed Dowan
  6413 | D:6      | Noticed Maggie
  7311 | D:5      | Found a hide-covered altar of Uskayaw.
  7337 | D:5      | Paralysed by Grinder for 2 turns
  7375 | D:5      | Paralysed by Grinder for 7 turns
  7384 | D:5      | Killed Grinder
  7816 | D:5      | Killed Maggie
  7817 | D:5      | Reached skill level 5 in Stealth
  7817 | D:5      | Reached XP level 9. HP: 45/45 MP: 12/14
  8077 | D:6      | Found Duabac's Jewellery Shop.
  8573 | D:7      | Reached ***** piety under Lugonu
  8919 | D:7      | Found an iron altar of Okawaru.
  9353 | D:8      | Found a transporter.
  9365 | D:8      | Noticed dolemite99's ghost (novice DsVM)
  9365 | D:8      | Noticed a centaur warrior
  9372 | D:8      | You fall into a shaft and drop 2 floors!
  9372 | D:10     | Entered Level 10 of the Dungeon
  9441 | D:10     | Reached skill level 5 in Transmutations
  9786 | D:10     | Learned a level 3 spell: Dazzling Flash
  9884 | D:10     | Noticed a red ugly thing
 10098 | D:8      | Reached skill level 1 in Conjurations
 10256 | D:8      | Found a transporter.
 10845 | D:7      | Reached XP level 10. HP: 34/39 MP: 17/17
 11013 | D:8      | Noticed a two-headed ogre
 11392 | D:10     | Reached skill level 1 in Hexes
 11735 | D:8      | Paralysed by a hornet for 1 turns
 11828 | D:7      | Paralysed by a hornet for 1 turns
 11984 | D:8      | Noticed a two-headed ogre
 12404 | D:9      | HP: 2/50 [hornet (12)]
 12405 | D:9      | Succumbed to a hornet's poison

Illustrated notes

Levels and vault maps discovered:
D:1:      psy_arrival_terrarium, layout_loops_corners
D:2:      layout_loops_corners, basic_altar, uniq_crazy_yiuf_cottage
D:3:      layout_basic, xom_confusion_cloud, gammafunk_ghost_nasty_kobolds,
          serial_shops, shop, gup_sewer_entry_bowl
D:4:      layout_gridville, minmay_temple_entry_gardened_gates, corner_web_ring
D:5:      layout_cave_pods, mainiacjoe_overflow_concentric_impassable,
          yredelemnul_forgotten_temple_becter, serial_park_tiny_pond,
          chequers_arboretum, minmay_fountain_box, minmay_misc_feat_enclosed,
          uniq_grinder
D:6:      layout_basic, nicolae_overflow_hidden_temple, serial_shops,
          shop_fountains, uniq_maggie, uniq_duvessa
D:7:      layout_loops_ring, old_standard_altar, dk_vineyard_1
D:8:      layout_basic, minmay_overflow_temple_star_quad, nzn_ghost_randoct,
          minmay_misc_feat_hallway, grunt_ministairs_7
D:9:      layout_loops_cross, grunt_lair_entry_orc_guard_hut, minmay_st_funbox,
          uniq_grum
D:10:     layout_loops_ring
D:11:     layout_gridville, uniq_maurice
Temple:   zaba_magenta_temple

Skill      XL: |  1  2  3  4  5  6  7  8  9 10 |
---------------+-------------------------------+-----
Invocations    | 2 |  2.6
Fighting       | 3 4 |  4.7
Dodging        | 4 5 6 7 8 |  8.2
Short Blades   | 3 4 5 6 7 8 |  8.7
Stealth        | 2 3 5 |  5.9
Armour         | 1 3 4 |  4.2
Transmutations | 1 3 5 6 |  6.0
Earth Magic    | 2 3 |  3.7
Spellcasting   | 2 4 |  4.9
Conjurations   | 1 2 |  2.0
Hexes          | 1 |  1.6
Throwing       | |  0.4

Action                   |  1- 3 |  4- 6 |  7- 9 | 10-12 || total
-------------------------+-------+-------+-------+-------++-------
Melee: Short sword       |   180 |   309 |  1060 |   273 ||  1822
       Punch             |     1 |     3 |    20 |     8 ||    32
       Dagger            |       |       |       |    90 ||    90
Throw: Boomerang         |       |    16 |    20 |       ||    36
       Dart              |       |       |     2 |    10 ||    12
       Stone             |       |       |     1 |       ||     1
       Throwing net      |       |       |     1 |       ||     1
  Use: Scroll            |       |     4 |     6 |       ||    10
       Potion            |       |     1 |     2 |     4 ||     7
 Stab: Sleeping          |     7 |     9 |    13 |     3 ||    32
       Invisible         |       |       |     2 |       ||     2
       Distracted        |       |       |     2 |       ||     2
Armor: Robe              |    30 |    12 |       |       ||    42
       Troll leather arm |       |    31 |   114 |    29 ||   174
       Steam dragon scal |       |       |     2 |       ||     2
Dodge: Dodged            |   140 |   251 |   879 |   314 ||  1584

Table legend: (Time is in decaauts)
 A = Elapsed time spent in this place.
 B = Non-inter-level travel time spent in this place.
 C = Inter-level travel time spent in this place.
 D = Time resting spent in this place.
 E = Time spent auto-exploring this place.
 F = Levels seen in this place.
 G = Mean time per level.
                   A        B        C        D        E       F      G
               +--------+--------+--------+--------+--------+-----+--------+
         Total |   8656 |   8254 |    402 |    584 |   4012 |  14 |  618.3 |
       Dungeon |   8433 |   8043 |    390 |    542 |   3903 |  11 |  766.6 |
        Temple |     45 |     34 |     11 |      0 |     30 |   1 |   45.0 |
         Abyss |     22 |     22 |      0 |      0 |     18 |   1 |   22.0 |
         Sewer |    155 |    155 |      0 |     42 |     61 |   1 |  155.0 |
               +--------+--------+--------+--------+--------+-----+--------+

Top non-repeatable levels by time:
     D:1: 1222 daAuts
     D:4: 1127 daAuts
     D:2: 951 daAuts
     D:7: 933 daAuts
     D:6: 882 daAuts
     D:8: 807 daAuts
     D:3: 778 daAuts
     D:5: 743 daAuts
    D:10: 638 daAuts
     D:9: 323 daAuts
   Sewer: 155 daAuts
  Temple: 45 daAuts
    D:11: 24 daAuts
 Abyss:1: 22 daAuts
